 Dungeon Crawl Stone Soup version 0.29-a0-356-g7bc237e783 (webtiles) character file.

Game seed: 939639402505420154

105634 Morbidden the Thaumaturge (level 15, 0/112 HPs)
             Began as a Demonspawn Conjurer on Apr 26, 2022.
             Was the Champion of Cheibriados.
             Shot with an arrow by a centaur warrior (5 damage)
             ... on level 1 of the Shoals.
             The game lasted 00:50:39 (28307 turns).

Morbidden the Thaumaturge (Demonspawn Conjurer)    Turns: 28307, Time: 00:50:39

Health: 0/112      AC: 10    Str: 24    XL:     15   Next: 95%
Magic:  0/41       EV: 24    Int: 45    God:    Cheibriados [******]
Gold:   1583       SH:  0    Dex: 32    Spells: 19/40 levels left

rFire   . . .      SeeInvis .   b - +8 short sword of the Leaping Weasel {pain, *Noise Will+++ Int+4}
rCold   . . .      Faith    .   (no shield)
rNeg    . . .      Spirit   +   P - +1 troll leather armour
rPois   +          Reflect  .   (helmet restricted)
rElec   .          Harm     .   m - +2 cloak {rPois}
rCorr   .          Rampage  .   y - +0 pair of gloves
Will    ++++.                   (no boots)
Stlth   +++.......              T - amulet of magic regeneration
HPRegen 1.08/turn               Y - ring of magical power
MPRegen 0.94/turn               S - +6 ring of dexterity

@: very slow
A: antennae 2, repulsion field 2, spiny 2, magic shield, magic regeneration,
magic link
a: Renounce Religion, Bend Time, Temporal Distortion, Slouch, Step From Time


You were on level 1 of the Shoals.
You worshipped Cheibriados.
Cheibriados was exalted by your worship.
You visited 5 branches of the dungeon, and saw 25 of its levels.
You also visited: Sewer.

You collected 1843 gold pieces.
You spent 260 gold pieces at shops.

Inventory:

Hand Weapons
 a - a +3 triple sword of flaming
 b - the +8 short sword of the Leaping Weasel (weapon) {pain, *Noise Will+++ Int+4}
   (You found it on level 7 of the Dungeon)

   In the hands of one skilled in necromantic magic, it inflicts extra damage on
   living creatures.
   Int:       It affects your intelligence (+4).
   *Noise:    It may make noises in combat.
   Will:      It greatly increases your willpower.
 c - a +0 great sword
 G - a +4 dagger of draining
 L - a +3 scimitar of flaming
Missiles
 l - 9 javelins
 p - 47 poisoned darts (quivered)
 C - 2 throwing nets
 E - 6 curare-tipped darts
Armour
 m - a +2 cloak of poison resistance (worn)
 y - a +0 pair of gloves (worn)
 M - a +2 robe of cold resistance
 P - a +1 troll leather armour (worn)
 R - a scarf of resistance
Jewellery
 i - a ring of ice
 q - a ring of poison resistance
 I - a ring of wizardry
 S - a +6 ring of dexterity (right hand)
 T - an amulet of magic regeneration (around neck)
 V - a ring of fire
 Y - a ring of magical power (left hand)
Wands
 k - a wand of paralysis (7)
 n - a wand of iceblast (15)
 w - a wand of flame (3)
 z - a wand of polymorph (17)
 J - a wand of digging (6)
 Q - a wand of acid (6)
Scrolls
 d - 6 scrolls of teleportation
 f - 15 scrolls of identify
 v - a scroll of enchant weapon
 A - 2 scrolls of enchant armour
 B - 2 scrolls of holy word
 H - a scroll of amnesia
 K - 3 scrolls of magic mapping
 W - a scroll of fog
Potions
 e - 3 potions of might
 g - 6 potions of haste {unknown}
 h - 6 potions of attraction {unknown}
 j - 10 potions of curing
 o - 4 potions of resistance
 r - 3 potions of heal wounds
 s - 3 potions of flight
 t - 3 potions of degeneration {unknown}
 u - 3 potions of mutation {unknown}
 x - 5 potions of brilliance {unknown}
 D - 3 potions of cancellation {unknown}
 F - 3 potions of ambrosia
 N - a potion of lignification {unknown}
 O - a potion of berserk rage {unknown}
 U - 3 potions of invisibility {unknown}
Miscellaneous
 X - a phantom mirror


   Skills:
 * Level 8.5 Fighting
 * Level 8.4(9.6) Short Blades
 * Level 7.1(9.0) Long Blades
 + Level 2.0 Throwing
 + Level 4.6 Armour
 * Level 8.1 Dodging
 + Level 4.1 Stealth
 * Level 13.1 Spellcasting
 * Level 10.9 Conjurations
 * Level 1.6 Summonings
 * Level 8.3 Necromancy
 + Level 5.1 Translocations
 * Level 8.8 Air Magic
 * Level 9.4 Invocations
 + Level 0.9 Evocations


You had 19 spell levels left.
You knew the following spells:

 Your Spells              Type           Power      Damage    Failure   Level
a - Airstrike             Air            41%        N/A       1%          4
b - Vampiric Draining     Necr           81%        2d11      1%          3
c - Magic Dart            Conj           100%       1d8       0%          1
s - Spellforged Servitor  Conj/Summ      36%        N/A       54%         7
x - Searing Ray           Conj           100%       2d8       0%          2
z - Iskenderun's Mystic   Conj/Tloc      80%        2d16      1%          4

Your spell library contained the following spells:

 Spells                   Type           Power      Damage    Failure   Level
 Freeze                   Ice            100%       1d11      1%          1
 Pain                     Necr           100%       1d9       1%          1
 Sandblast                Erth           58%        2d13      1%          1
 Shock                    Conj/Air       100%       1d9       1%          1
 Slow                     Hex            100%       N/A       1%          1
 Sting                    Tmut/Pois      100%       1d8       1%          1
 Ensorcelled Hibernation  Hex/Ice        58%        N/A       1%          2
 Passwall                 Tmut/Erth      24%        N/A       1%          2
 Poisonous Vapours        Pois/Air       100%       N/A       1%          2
 Static Discharge         Conj/Air       87%        N/A       1%          2
 Dazzling Flash           Conj/Hex       100%       N/A       1%          3
 Mephitic Cloud           Conj/Pois/Air  73%        N/A       1%          3
 Stone Arrow              Conj/Erth      100%       3d13      1%          3
 Swiftness                Air            83%        N/A       1%          3
 Anguish                  Hex/Necr       30%        N/A       1%          4
 Dispel Undead            Necr           81%        3d26      1%          4
 Fulminant Prism          Conj/Hex       34%        3d16      1%          4
 Hailstorm                Conj/Ice       68%        3d14      1%          4
 Sticky Flame             Conj/Fire      68%        2d8       1%          4
 Agony                    Necr           81%        N/A       1%          5
 Excruciating Wounds      Necr           40%        N/A       1%          5
 Freezing Cloud           Conj/Ice/Air   36%        6-21      1%          5
 Confusing Touch          Hex            29%        N/A       3%          3
 Frozen Ramparts          Ice            58%        1d7       3%          3
 Ignite Poison            Fire/Tmut/Pois 29%        N/A       3%          3
 Inner Flame              Hex/Fire       29%        N/A       3%          3
 Spider Form              Tmut/Pois      29%        N/A       3%          3
 Irradiate                Conj/Tmut      34%        3d24      3%          5
 Silence                  Hex/Air        31%        N/A       4%          5
 Animate Armour           Summ/Erth      72%        N/A       7%          4
 Summon Ice Beast         Ice/Summ       36%        N/A       7%          4
 Ice Form                 Ice/Tmut       29%        N/A       10%         4
 Olgreb's Toxic Radiance  Pois           29%        N/A       10%         4
 Blade Hands              Tmut           14%        N/A       28%         5
 Simulacrum               Ice/Necr       30%        N/A       28%         6
 Dragon Form              Tmut           14%        N/A       100%        7
 Chain Lightning          Conj/Air       43%        3d58      100%        9


Dungeon Overview and Level Annotations

Branches:
Dungeon (15/15)            Temple (1/1) D:6            Lair (6/6) D:11
 Shoals (1/4) Lair:3       Spider (0/4) Lair:2        Slime (0/5) Lair:6
    Orc (2/2) D:9             Elf (0/3) Orc:2        Vaults (0/5) D:14
  Sewer (visited)
 Depths: D:15

Altars:
Ashenzari
Cheibriados
Dithmenos
Elyvilon
Fedhas
Gozag
Hepliaklqana
Kikubaaqudgha
Makhleb
Nemelex Xobeh
Okawaru
Qazlal
Sif Muna
Trog
Uskayaw
Vehumet
Wu Jian
Xom
Yredelemnul
Zin
The Shining One
Beogh
Jiyva

Shops:
D:10 *   Orc:2 (*(!

Annotations:
D:15 1 exclusion
Lair:6 1 runed translucent door


Innate Abilities, Weirdness & Mutations

You have a pair of antennae on your head.
You are surrounded by a moderate repulsion field. (EV +3)
You are mostly covered in sharp spines.
When hurt, damage is shared between your health and your magic reserves.
You regenerate magic rapidly.
When low on magic, you restore magic in place of health.


Message History

Unknown command.
Casting: Airstrike (safe; 1% risk of failure)
Confirm with . or Enter, or press ? or * to list all spells.
You erupt in a blast of force!
The mystic blast hits the plant!!
The plant begins to die.
The plant is lightly damaged.
The mystic blast hits the merfolk impaler!
The merfolk impaler is almost dead.
The merfolk impaler is knocked back by the mystic blast.
Unknown command.
Casting: Iskenderun's Mystic Blast (safe; 1% risk of failure)
Confirm with . or Enter, or press ? or * to list all spells.
You erupt in a blast of force!
The mystic blast hits the plant!!
The plant is moderately damaged.
The mystic blast hits the merfolk impaler!
You kill the merfolk impaler!
Cheibriados appreciates the change of pace.
Unknown command.
Unknown command.
A nearby plant withers and dies.
A centaur warrior comes into view.
Unknown command.
Unknown command.
The centaur warrior wields a +0 shortbow of flaming.
It bursts into flame!
The centaur warrior shoots an arrow.
The arrow misses you.
The centaur warrior shoots an arrow.
The arrow hits you.
* * * LOW HITPOINT WARNING * * *
The arrow burns you.
* * * LOW HITPOINT WARNING * * *
Unknown command.
Unknown command.
Unknown command.
Unknown command.
Unknown command.
The centaur warrior shoots an arrow.
The arrow hits you!!
* * * LOW HITPOINT WARNING * * *
The arrow burns you!
* * * LOW HITPOINT WARNING * * *
The centaur warrior shoots an arrow.
The arrow hits you!
You die...

..≈≈≈≈≈≈≈≈≈≈≈≈
..≈≈≈≈≈≈.)≈≈≈ .
..≈≈≈≈≈).≈.. ..≈..
..≈≈≈..≈≈# ##......
......≈.## ≈≈≈..##......#
#...)≈≈..# ≈≈...........#
#.)≈...≈..
..(≈.?......#..###.†....≈..
≈..≈≈≈...# #....@....≈≈c...
≈≈≈≈≈....###.^.....≈≈≈...≈≈
≈≈≈≈≈..≈.........≈≈≈≈P#..[≈
≈≈≈≈≈≈≈≈.......)≈≈≈≈P## .≈.
≈≈≈≈≈.≈...)..[...P.≈.... ≈.
≈≈≈..≈....##.......PPP.:P ≈
≈≈≈.≈≈.<..##......P≈P≈P≈P
≈≈≈≈≈≈≈≈≈########P...P≈P≈
≈≈≈≈≈≈≈≈≈# #....P≈P≈


You could see a centaur warrior.

Vanquished Creatures
  Jorgrun (Orc:2)
  Frances (D:14)
  An ironbound preserver (D:14)
  A merfolk impaler (Shoals:1)
  Erolcha (D:11)
  6 hydras
  2 ogre magi (D:15)
  Fannar (Lair:3)
  Erica (D:9)
  16 two-headed ogres
  A death knight (D:14)
  A tengu warrior (D:14)
  11 death yaks
  6 centaur warriors
  10 orc high priests (Orc:2)
  Urug (Orc:2)
  Sonja (Lair:6)
  A fire crab (shapeshifter) (D:14)
  A sea snake (Shoals:1)
  A goliath frog (Lair:6)
  A lindwurm (Lair:4)
  A deep elf pyromancer (D:14)
  4 ugly things
  5 cyclopes
  2 orc sorcerers
  An oklob plant (D:11)
  2 orc knights
  5 manticores
  A merfolk siren (Shoals:1)
  10 elephants
  2 torpor snails
  5 black mambas
  2 gargoyles
  4 rime drakes
  25 cane toads
  A freezing wraith (D:14)
  An unseen horror (D:12)
  2 kobold demonologists (D:11)
  19 komodo dragons
  An efreet (D:11)
  A tengu conjurer (D:14)
  2 trolls
  A queen bee (D:11)
  3 polar bears
  3 merfolk (Shoals:1)
  A tarantella (Lair:1)
  3 hornets
  3 tyrant leeches (Lair:6)
  43 blink frogs
  Grinder (D:3)
  10 slime creatures
  4 wraiths
  A vampire (D:12)
  43 yaks
  A shadow (D:11)
  5 basilisks
  A steam dragon (D:8)
  5 wyverns
  16 vampire mosquitoes
  5 wargs (Orc:2)
  16 water moccasins
  4 ice beasts
  22 orc warriors
  2 black bears
  5 ogres
  4 centaurs
  16 wolves
  6 kobold brigands
  2 necrophages
  20 bullfrogs
  A scorpion (D:4)
  A gnoll sergeant (D:8)
  5 wights (D:5)
  A hornet simulacrum (D:14)
  17 killer bees
  4 electric eels
  3 howler monkeys
  34 orc priests
  4 jellies
  Crazy Yiuf (D:2)
  5 hounds
  4 iguanas
  Jessica (D:2)
  18 orc wizards
  Natasha (thrice) (D:3)
  7 hell rats (Lair:4)
  Robin (D:3)
  12 gnolls
  9 adders
  2 river rats
  2 white imps
  An ufetubus (D:5)
  A dart slug (D:5)
  85 orcs
  11 endoplasms
  A giant cockroach (D:4)
  18 goblins
  6 hobgoblins
  6 jackals
  4 quokkas
  5 ball pythons
  7 bats
  4 frilled lizards
  41 kobolds
  11 rats
744 creatures vanquished.

Vanquished Creatures (collateral kills)
  Rupert (Lair:3)
1 creature vanquished.

Vanquished Creatures (others)
  A human (D:4)
  A quokka (D:5)
  A bush (Lair:6)
  57 fungi
  175 plants
235 creatures vanquished.

Grand Total: 980 creatures vanquished

Notes
Turn   | Place    | Note
-------+----------+-------------------------------------------
     0 | D:1      | Morbidden the Demonspawn Conjurer began the quest for the
                  | Orb.
     0 | D:1      | Reached XP level 1. HP: 13/13 MP: 3/3
   200 | D:1      | Gained mutation: You are surrounded by a mild repulsion
                  | field. (EV +2) [demonic ancestry]
   200 | D:1      | Reached XP level 2. HP: 17/19 MP: 1/5
   398 | D:1      | Learned a level 2 spell: Searing Ray
   894 | D:1      | Gained mutation: You are partially covered in sharp spines.
                  | [demonic ancestry]
   894 | D:1      | Reached XP level 3. HP: 24/24 MP: 4/6
  1278 | D:2      | Reached skill level 5 in Conjurations
  1280 | D:2      | Gained mutation: You are surrounded by a moderate repulsion
                  | field. (EV +3) [demonic ancestry]
  1280 | D:2      | Reached XP level 4. HP: 17/30 MP: 1/7
  1444 | D:2      | Learned a level 4 spell: Iskenderun's Mystic Blast
  1786 | D:2      | Noticed Jessica
  1792 | D:2      | Killed Jessica
  2053 | D:2      | Found a faded altar of an unknown god.
  2089 | D:2      | Found a runed translucent door.
  2090 | D:2      | Noticed Crazy Yiuf
  2249 | D:2      | Killed Crazy Yiuf
  2250 | D:2      | Reached XP level 5. HP: 36/36 MP: 1/9
  2469 | D:3      | Noticed Robin
  2474 | D:3      | Killed Robin
  2587 | D:3      | Noticed Grinder
  2599 | D:3      | Paralysed by Grinder for 2 turns
  2625 | D:3      | Paralysed by Grinder for 5 turns
  2630 | D:3      | Killed Grinder
  2631 | D:3      | Reached skill level 1 in Fighting
  2631 | D:3      | Reached skill level 1 in Short Blades
  2631 | D:3      | Reached skill level 3 in Spellcasting
  2631 | D:3      | Reached skill level 1 in Translocations
  2631 | D:3      | Gained mutation: You have a pair of small antennae on your
                  | head. [demonic ancestry]
  2631 | D:3      | Reached XP level 6. HP: 19/43 MP: 1/11
  3164 | D:3      | Noticed Natasha
  3171 | D:3      | Killed Natasha
  3278 | D:3      | Noticed Natasha
  3286 | D:3      | Killed Natasha
  3495 | D:3      | Gained mutation: You regenerate magic rapidly. [demonic
                  | ancestry]
  3495 | D:3      | Reached XP level 7. HP: 19/48 MP: 12/12
  4004 | D:3      | Noticed Natasha
  4008 | D:3      | Killed Natasha
  4178 | D:3      | Reached skill level 4 in Spellcasting
  4427 | D:4      | Found a stormy altar of Qazlal.
  4428 | D:4      | Found an ornate altar of the Wu Jian Council.
  4435 | D:4      | Found a glowing drain.
  4454 | Sewer    | Entered a sewer
  4553 | Sewer    | Reached skill level 1 in Throwing
  4812 | D:4      | Reached XP level 8. HP: 56/56 MP: 5/14
  4917 | D:4      | Got Sif Muna's Handbook of the Bewitching Blaze
  5365 | D:4      | Found an ancient bone altar of Kikubaaqudgha.
  5505 | D:5      | Entered Level 5 of the Dungeon
  5707 | D:5      | Reached skill level 5 in Spellcasting
  6142 | D:5      | Gained mutation: When hurt, damage is shared between your
                  | health and your magic reserves. [demonic ancestry]
  6142 | D:5      | Reached XP level 9. HP: 63/63 MP: 12/17
  6234 | D:5      | Reached skill level 1 in Armour
  6240 | D:5      | Reached skill level 1 in Long Blades
  6255 | D:5      | Reached skill level 6 in Spellcasting
  6998 | D:6      | Found a blossoming altar of Fedhas.
  7205 | D:6      | Found a staircase to the Ecumenical Temple.
  7242 | Temple   | Entered the Ecumenical Temple
  7325 | Temple   | Became a worshipper of Cheibriados the Contemplative
  7979 | D:7      | Identified the +8 short sword of the Leaping Weasel {pain,
                  | *Noise Will+++ Int+4}
  8117 | D:7      | Learned a level 3 spell: Vampiric Draining
  8538 | D:7      | Reached XP level 10. HP: 53/71 MP: 15/19
  8546 | D:7      | Reached * piety under Cheibriados
  8678 | D:7      | Identified the +1 robe "Feramn" {rN+}
  8795 | D:8      | Identified a scroll of acquirement
  8795 | D:8      | Acquired a +2 triple sword of freezing
  8818 | D:8      | Reached skill level 1 in Necromancy
  8909 | D:8      | Paralysed by a hornet for 1 turns
  8915 | D:7      | Reached skill level 5 in Dodging
  9482 | D:8      | Found a radiant altar of Vehumet.
 10001 | D:9      | Reached ** piety under Cheibriados
 10275 | D:9      | Noticed a red ugly thing
 10291 | D:9      | Killed a red ugly thing
 10292 | D:9      | Reached skill level 1 in Invocations
 10637 | D:9      | Reached skill level 5 in Short Blades
 10637 | D:9      | Reached skill level 7 in Spellcasting
 10896 | D:9      | Noticed Erica
 10908 | D:9      | Killed Erica
 11075 | D:9      | Reached *** piety under Cheibriados
 11304 | D:9      | Found a staircase to the Orcish Mines.
 11484 | D:9      | Reached skill level 5 in Fighting
 11536 | D:9      | Acquired the Catalogue of Attacks and Earth
 11545 | D:9      | Learned a level 4 spell: Airstrike
 11571 | D:10     | Entered Level 10 of the Dungeon
 11624 | D:10     | Reached XP level 11. HP: 78/79 MP: 2/21
 12167 | D:10     | Noticed a two-headed ogre
 12179 | D:10     | Found Rakulisa's Assorted Antiques.
 12183 | D:10     | Killed a two-headed ogre
 12776 | D:11     | You fall into a shaft and drop 2 floors!
 13757 | D:12     | Reached skill level 1 in Air Magic
 13808 | D:12     | Noticed a two-headed ogre
 13813 | D:12     | Killed a two-headed ogre
 13912 | D:12     | Reached **** piety under Cheibriados
 13916 | D:12     | Noticed a red ugly thing
 13927 | D:12     | Killed a red ugly thing
 14127 | D:11     | Noticed an oklob plant
 14161 | D:11     | Noticed an eight-headed hydra
 14167 | D:11     | Killed an eight-headed hydra
 14168 | D:11     | Noticed Erolcha
 14173 | D:11     | Noticed a two-headed ogre
 14177 | D:11     | Killed a two-headed ogre
 14236 | D:11     | Noticed a two-headed ogre
 14248 | D:11     | Killed a two-headed ogre
 14248 | D:11     | Noticed a two-headed ogre
 14260 | D:11     | Gained mutation: You are mostly covered in sharp spines.
                  | [demonic ancestry]
 14260 | D:11     | Reached XP level 12. HP: 14/87 MP: 0/23
 14261 | D:11     | Killed a two-headed ogre
 14262 | D:11     | Reached skill level 8 in Spellcasting
 14345 | D:11     | Noticed a two-headed ogre
 14357 | D:11     | Killed a two-headed ogre
 14460 | D:11     | Found a staircase to the Lair.
 14485 | D:11     | Killed Erolcha
 14486 | D:11     | Reached skill level 5 in Translocations
 15213 | Lair:1   | Entered Level 1 of the Lair of Beasts
 15229 | Lair:1   | Noticed a six-headed hydra
 15238 | Lair:1   | Killed a one-headed hydra
 15239 | Lair:1   | Reached skill level 5 in Invocations
 15541 | Lair:1   | Noticed a four-headed hydra
 15552 | Lair:1   | Killed a one-headed hydra
 16061 | Lair:1   | Reached skill level 9 in Spellcasting
 16200 | Lair:1   | Reached skill level 5 in Necromancy
 16207 | Lair:1   | Reached ***** piety under Cheibriados
 16381 | Lair:2   | Found a hole to the Spider Nest.
 16764 | Lair:2   | Reached skill level 5 in Long Blades
 16955 | Lair:2   | Noticed a seven-headed hydra
 16961 | Lair:2   | Killed a seven-headed hydra
 17144 | Lair:2   | Gained mutation: When low on magic, you restore magic in
                  | place of health. [demonic ancestry]
 17144 | Lair:2   | Reached XP level 13. HP: 93/94 MP: 8/26
 17721 | Lair:3   | Noticed Fannar
 18082 | Lair:3   | Reached ****** piety under Cheibriados
 18156 | Lair:3   | Reached skill level 5 in Air Magic
 18342 | Lair:3   | Noticed Rupert
 18358 | Lair:3   | Killed Rupert
 18359 | Lair:3   | Reached skill level 10 in Spellcasting
 18950 | Lair:2   | Found a hole to the Spider Nest.
 19867 | Lair:3   | Killed Fannar
 20048 | Lair:3   | Found a staircase to the Shoals.
 20535 | Lair:4   | Reached skill level 10 in Conjurations
 20758 | Lair:4   | Reached XP level 14. HP: 103/103 MP: 28/28
 21698 | Lair:5   | Reached skill level 11 in Spellcasting
 22366 | Lair:6   | Entered Level 6 of the Lair of Beasts
 22444 | Lair:6   | Found a runed translucent door.
 22444 | Lair:6   | Found a viscous altar of Jiyva.
 22445 | Lair:6   | Found a staircase to the Slime Pits.
 23482 | Lair:6   | Noticed Sonja
 23484 | Lair:6   | Killed Sonja
 24740 | D:13     | Reached skill level 12 in Spellcasting
 24849 | D:14     | Gained mutation: You have a pair of antennae on your head.
                  | [demonic ancestry]
 24849 | D:14     | Reached XP level 15. HP: 110/110 MP: 24/31
 24947 | D:14     | Found a gate to the Vaults.
 25433 | D:14     | Found an iron altar of Okawaru.
 25624 | D:14     | Noticed Frances
 25637 | D:14     | Killed Frances
 25871 | D:15     | Entered Level 15 of the Dungeon
 26758 | Orc:1    | Entered Level 1 of the Orcish Mines
 27004 | Orc:1    | Learned a level 7 spell: Spellforged Servitor
 27023 | Orc:2    | Entered Level 2 of the Orcish Mines
 27023 | Orc:2    | Noticed Jorgrun
 27039 | Orc:2    | Killed Jorgrun
 27086 | Orc:2    | Found a staircase to the Elven Halls.
 27215 | Orc:2    | Reached skill level 1 in Summonings
 27434 | Orc:2    | Reached skill level 13 in Spellcasting
 27454 | Orc:2    | Found Tazxum's General Store.
 27454 | Orc:2    | Found Zosang's Antique Weapon Shoppe.
 27549 | Orc:2    | Found Puzirof's Distillery.
 27549 | Orc:2    | Found Leashrog's Weapon Shoppe.
 27625 | Orc:2    | Bought a ring of magical power for 260 gold pieces
 27711 | Orc:2    | Noticed Urug
 27722 | Orc:2    | Killed Urug
 28213 | Shoals:1 | Entered Level 1 of the Shoals
 28307 | Shoals:1 | HP: 5/112 [centaur warrior/arrow (7)]
 28307 | Shoals:1 | Shot with an arrow by a centaur warrior

Illustrated notes

Levels and vault maps discovered:
D:1:      roderic_crop_circles_arrival_small, layout_rooms,
          chequers_serial_rivers_small_b
D:2:      layout_loops_cross, dilly_ecumenical_altar_fadedgnrine,
          minmay_liquid_box, kennysheep_big_empty_room, uniq_jessica,
          uniq_crazy_yiuf_cottage
D:3:      minmay_octagon_keep, layout_basic, minmay_misc_feat_hallway,
          kennysheep_path_1, uniq_natasha, uniq_grinder, uniq_robin
D:4:      layout_loops_ring, tgw_kikubaaqudgha, lemuel_crystal_altar,
          overflow_temple_1_default, portal_sewer_entry_c
D:5:      layout_loops_ring, elyvilon_altar_4, hangedman_decor_peaks_small,
          chequers_serial_rivers_room_a, nicolae_fountain_basement
D:6:      layout_basic, fedhas_ov_isle_minmay, minmay_temple_entry_wispy
D:7:      layout_basic
D:8:      layout_rooms, vehumet_crystals, minivault_1, hex_tiny
D:9:      layout_loops_corners, erik_orc_2, hangedman_decor_push, uniq_erica
D:10:     layout_basic, serial_shops, shop, minmay_door_square,
          hangedman_abyss_or_decor_clamps
D:11:     layout_long_grid, dpeg_oklobed_lair, special_room [special_room_bee],
          uniq_erolcha
D:12:     layout_loops_ring
D:13:     layout_cave_pods, serial_rivers, chequers_serial_rivers_room_b,
          chequers_serial_rivers_room_b, chequers_serial_rivers_large_b,
          chequers_serial_rivers_small_b
D:14:     layout_stronghold, skrybe_vaults_entry_preservation, hex_medium,
          nicolae_lava_and_water, okawaru_ov_weapons_minmay, uniq_frances
D:15:     grunt_enter_depths_hoard, layout_irregular_city
Temple:   lightli_temple_of_artemis
Lair:1:   layout_cave_pods
Lair:2:   layout_small_grid, spider_nest_entry_rubble, lemuel_fruit_tree
Lair:3:   layout_concentric_octagons, elwin_shoals_entry_rooms,
          grunt_megastairs_1, uniq_rupert, uniq_fannar
Lair:4:   layout_layer_cave
Lair:5:   layout_cellular_growth
Lair:6:   minmay_lair_end_frog_pond, layout_regular_city, slime_altar_2,
          grunt_forest_stairs_basic, hangedman_lair_unloving_vines, uniq_sonja
Shoals:1: layout_shoals
Orc:1:    layout_caves
Orc:2:    st_orc_town, layout_diamond_mine, uniq_jorgrun, uniq_urug

Skill      XL: |  1  2  3  4  5  6  7  8  9 10 11 12 13 14 15 |
---------------+----------------------------------------------+-----
Stealth        | 2 3 4 |  4.1
Dodging        | 2 3 4 5 6 7 8 |  8.1
Conjurations   | 5 6 7 8 9 10 | 10.9
Fighting       | 1 2 3 4 5 6 7 8 |  8.5
Short Blades   | 1 2 3 4 5 6 7 8 |  8.4
Spellcasting   | 3 4 5 6 7 9 10 12 13 | 13.1
Translocations | 1 2 3 4 5 |  5.1
Throwing       | 1 2 |  2.0
Armour         | 2 3 4 |  4.6
Long Blades    | 2 3 4 5 6 7 |  7.1
Necromancy     | 2 4 5 6 7 8 |  8.3
Invocations    | 2 4 6 7 8 9 |  9.4
Air Magic      | 1 4 5 7 8 |  8.8
Summonings     | 1 |  1.6
Evocations     | |  0.9

Action                   |  1- 3 |  4- 6 |  7- 9 | 10-12 | 13-15 || total
-------------------------+-------+-------+-------+-------+-------++-------
Melee: Dagger            |    33 |    46 |    35 |       |       ||   114
       Short sword       |       |       |    40 |   271 |   380 ||   691
       Punch             |       |       |       |     2 |     6 ||     8
       Scimitar          |       |       |       |     9 |       ||     9
       Triple sword      |       |       |       |       |    19 ||    19
Throw: Javelin           |       |    11 |       |     4 |       ||    15
       Dart              |       |       |       |    32 |     7 ||    39
 Cast: Magic Dart        |    40 |    38 |   113 |    85 |       ||   276
       Searing Ray       |     3 |     6 |    42 |    16 |     2 ||    69
       Iskenderun's Myst |       |       |       |    48 |   126 ||   174
       Vampiric Draining |       |       |       |    10 |    33 ||    43
       Airstrike         |       |       |       |    85 |   422 ||   507
Invok: Slouch            |       |       |       |     1 |     6 ||     7
Evoke: Wand              |       |       |       |     8 |     3 ||    11
  Use: Scroll            |       |       |     1 |     7 |    17 ||    25
       Potion            |       |       |     2 |     3 |     3 ||     8
 Stab: Sleeping          |       |     2 |     2 |     2 |     5 ||    11
       Distracted        |       |       |       |       |     1 ||     1
Armor: Robe              |     4 |     7 |     3 |       |     8 ||    22
       Ring mail         |       |       |    24 |    32 |       ||    56
       Troll leather arm |       |       |       |    24 |    50 ||    74
Dodge: Dodged            |    25 |    36 |    71 |   248 |   432 ||   812

Table legend: (Time is in decaauts)
 A = Elapsed time spent in this place.
 B = Non-inter-level travel time spent in this place.
 C = Inter-level travel time spent in this place.
 D = Time resting spent in this place.
 E = Time spent auto-exploring this place.
 F = Levels seen in this place.
 G = Mean time per level.
                   A        B        C        D        E       F      G
               +--------+--------+--------+--------+--------+-----+--------+
         Total |  38671 |  36395 |   2276 |   2012 |  28918 |  26 | 1487.3 |
       Dungeon |  22682 |  21376 |   1306 |   1263 |  16700 |  15 | 1512.1 |
        Temple |    101 |     85 |     16 |      0 |     77 |   1 |  101.0 |
          Lair |  13447 |  12621 |    826 |    596 |  10512 |   6 | 2241.2 |
        Shoals |    107 |    107 |      0 |     31 |     27 |   1 |  107.0 |
  Orcish Mines |   2097 |   1971 |    126 |    122 |   1418 |   2 | 1048.5 |
         Sewer |    235 |    235 |      0 |      0 |    183 |   1 |  235.0 |
               +--------+--------+--------+--------+--------+-----+--------+

Top non-repeatable levels by time:
  Lair:2: 3528 daAuts
     D:9: 2512 daAuts
  Lair:3: 2393 daAuts
    D:13: 2362 daAuts
  Lair:4: 2130 daAuts
     D:3: 2028 daAuts
  Lair:1: 1853 daAuts
    D:11: 1848 daAuts
  Lair:6: 1835 daAuts
  Lair:5: 1705 daAuts
    D:12: 1656 daAuts
    D:14: 1651 daAuts
   Orc:2: 1638 daAuts
    D:10: 1581 daAuts
     D:5: 1360 daAuts
